 Dungeon Sprint DCSS version 0.20-a0-11-ga97c7b5 (webtiles) character file.

441 poirepourri the Martial Artist (level 7, 0/45 HPs)
             Began as an Octopode Transmuter on Nov 2, 2016.
             Was an Initiate of Okawaru.
             Slain by a slime creature (21 damage)
             ... in the Dungeon (Sprint I: "Red Sonja").
             The game lasted 00:02:38 (781 turns).

poirepourri the Martial Artist (Octopode Transmuter) Turns: 781, Time: 00:02:39

Health: 0/45       AC:  1    Str: 10    XL:     7   Next: 2%
Magic:  16/16      EV: 16    Int: 15    God:    Okawaru [......]
Gold:   297        SH:  0    Dex: 14    Spells: 3 memorised, 12 levels left

rFire  . . .     SeeInvis .       - Unarmed
rCold  . . .     Gourm    .     (no shield)
rNeg   + . .     Faith    .     (helmet restricted)
rPois  .         Spirit   .     (no amulet)
rElec  .         Reflect  .     j - ring of positive energy
rCorr  .         Harm     .     (no ring)
MR     .....     NoTele   +     (no ring)
Stlth  ++++......               (no ring)
                                (no ring)
                                (no ring)
                                (no ring)
                                (no ring)

@: appendage
A: almost no armour, stealthy swim, amphibious, 8 rings, constrict 8, tentacle
spike 3, camouflage 1, gelatinous body 1
a: End Transformation, Renounce Religion


You were in the Dungeon.
You worshipped Okawaru.
Okawaru was noncommittal.
You were not hungry.
One of your tentacles had a temporary spike.
You visited 1 branch You collected 297 gold pieces.

Inventory:

Missiles
 a - 12 arrows
Jewellery
 j - a ring of positive energy (left tentacle)
Scrolls
 i - a scroll of blinking
Potions
 d - a potion of curing
 e - a potion of heal wounds
 f - a potion of haste
 g - 2 potions of magic
 h - a potion of berserk rage
Books
 b - a book of Changes

   Spells                             Type                      Level
   a - Beastly Appendage              Transmutation                1
   b - Sticks to Snakes               Transmutation                2
   c - Spider Form                    Transmutation/Poison         3
   d - Ice Form                       Ice/Transmutation            4
   e - Blade Hands                    Transmutation                5
Comestibles
 c - a bread ration


   Skills:
 + Level 2.0 Fighting
 + Level 4.9 Dodging
 + Level 5.5 Stealth
 + Level 9.9 Unarmed Combat
 + Level 6.2 Spellcasting
 + Level 6.1 Transmutations
 + Level 1.4 Poison Magic


You had 12 spell levels left.
You knew the following spells:

 Your Spells              Type           Power        Failure   Level  Hunger
a - Beastly Appendage     Tmut           ###...       1%          1    None
b - Sticks to Snakes      Tmut           ###.....     1%          2    #......
c - Spider Form           Tmut/Pois      ###.......   12%         3    ##.....


Dungeon Overview and Level Annotations

Branches:
Dungeon (1/1)

Altars:
Cheibriados
Dithmenos
Elyvilon
Fedhas
Gozag
Hepliaklqana
Kikubaaqudgha
Makhleb
Nemelex Xobeh
Okawaru
Qazlal
Ru
Sif Muna
Trog
Uskayaw
Vehumet
Xom
Yredelemnul
Zin
The Shining One
Jiyva
Lugonu

Shops:
D ?


Innate Abilities, Weirdness & Mutations

You cannot wear most types of armour.
You are very stealthy in the water. (Stealth+)
You are amphibious.
You can wear up to eight rings at the same time.
You can use your tentacles to constrict eight enemies at once.
Your skin changes colour to match your surroundings (Stealth+).
Your rubbery body absorbs attacks. (AC +1, EV +1)
One of your tentacles bears a large vicious spike.


Message History

The slime creature closely misses you.
You tentacle-slap the slime creature.
You pierce the slime creature, but do no damage.
You squeeze the slime creature!
The slime creature is moderately wounded.
The slime creature hits you!!
You barely miss the slime creature. You tentacle-slap the slime creature.
Your squeeze misses the slime creature.
The slime creature is moderately wounded.
You bludgeon the slime creature!
You pierce the slime creature, but do no damage.
You tentacle-slap the slime creature. You squeeze the slime creature.
The slime creature is severely wounded.
The slime creature hits you.
You tentacle-slap the slime creature.
You pierce the slime creature, but do no damage.
You squeeze the slime creature.
The slime creature is severely wounded.
The slime creature hits you!!
You die...

###################
#<.#.)'..#.)'..#__#
#..'..#.)'..#..@J.+
#..#####'#####'#__#
#..####..#...#.####
#..#__####..##[#
#..#_____##'#..+
#⌠⌠#_.∩..†'..._#
####_..__##_.#'#
#_____###+#.#
####### ###


You could see a slime creature.

Vanquished Creatures
  Sigmund (D)
  A yak (D)
  An ogre (D)
  A jelly (D)
  Ijyb (D)
5 creatures vanquished.

Vanquished Creatures (others)
  A gargoyle (D)
1 creature vanquished.

Grand Total: 6 creatures vanquished

Notes
Turn   | Place    | Note
-------+----------+-------------------------------------------
     0 | D        | poirepourri the Octopode Transmuter began the quest for the Orb.
     0 | D        | Reached XP level 1. HP: 13/13 MP: 3/3
     3 | D        | Noticed Ijyb
    13 | D        | Killed Ijyb
    13 | D        | Reached skill level 1 in Stealth
    13 | D        | Reached skill level 5 in Unarmed Combat
    13 | D        | Reached XP level 2. HP: 11/18 MP: 3/6
    13 | D        | Reached XP level 3. HP: 15/23 MP: 3/7
   182 | D        | Learned a level 2 spell: Sticks to Snakes
   186 | D        | Learned a level 3 spell: Spider Form
   370 | D        | Killed a gargoyle
   441 | D        | Noticed an ogre
   447 | D        | Killed an ogre
   447 | D        | Reached skill level 6 in Unarmed Combat
   447 | D        | Reached XP level 4. HP: 28/28 MP: 5/10
   522 | D        | Noticed Sigmund
   530 | D        | Killed Sigmund
   530 | D        | Reached skill level 8 in Unarmed Combat
   530 | D        | Reached skill level 5 in Spellcasting
   530 | D        | Reached skill level 5 in Transmutations
   530 | D        | Reached XP level 5. HP: 22/34 MP: 10/13
   530 | D        | Reached XP level 6. HP: 26/39 MP: 10/14
   626 | D        | Found a deep blue altar of Sif Muna.
   628 | D        | Found a radiant altar of Vehumet.
   631 | D        | Reached skill level 9 in Unarmed Combat
   631 | D        | Reached skill level 1 in Poison Magic
   652 | D        | Found Miegi's Magic Scroll Emporium.
   652 | D        | Found an ancient bone altar of Kikubaaqudgha.
   652 | D        | Found a hazy altar of Hepliaklqana.
   652 | D        | Found a stormy altar of Qazlal.
   652 | D        | Found a hide-covered altar of Uskayaw.
   652 | D        | Found a blossoming altar of Fedhas.
   652 | D        | Found a bloodstained altar of Trog.
   652 | D        | Found an iron altar of Okawaru.
   652 | D        | Found a basalt altar of Yredelemnul.
   652 | D        | Found a glowing golden altar of the Shining One.
   652 | D        | Found a snail-covered altar of Cheibriados.
   652 | D        | Found a sacrificial altar of Ru.
   652 | D        | Found a glowing silver altar of Zin.
   652 | D        | Found a shadowy altar of Dithmenos.
   652 | D        | Found a white marble altar of Elyvilon.
   652 | D        | Noticed a yak
   654 | D        | Found an opulent altar of Gozag.
   662 | D        | Killed a yak
   662 | D        | Reached skill level 5 in Stealth
   662 | D        | Reached XP level 7. HP: 40/45 MP: 12/16
   709 | D        | Found a sparkling altar of Nemelex Xobeh.
   757 | D        | Became a worshipper of Warmaster Okawaru
   773 | D        | Found a burning altar of Makhleb.
   773 | D        | Found a viscous altar of Jiyva.
   773 | D        | Found a shimmering altar of Xom.
   773 | D        | Found a corrupted altar of Lugonu.
   773 | D        | Noticed a slime creature
   781 | D        | Slain by a slime creature

Vault maps used:
D:        dungeon_sprint_1

Skill      XL: |  1  2  3  4  5  6 |
---------------+-------------------+-----
Stealth        | 1 2 4 5 |  5.5
Unarmed Combat | 5 6 8 9 |  9.9
Spellcasting   | 3 4 5 6 |  6.2
Transmutations | 3 4 5 6 |  6.1
Dodging        | 3 4 |  4.9
Poison Magic   | 1 |  1.4
Fighting       | 2 |  2.0

Action                   |  1- 3 |  4- 6 |  7- 9 || total
-------------------------+-------+-------+-------++-------
Melee: Unarmed           |    12 |    13 |     6 ||    31
       Kick              |     4 |       |     3 ||     7
       Tentacles         |     2 |     4 |     4 ||    10
       Constrict         |     1 |     1 |       ||     2
       Punch             |       |       |     2 ||     2
 Cast: Beastly Appendage |     1 |     1 |     1 ||     3
       Spider Form       |     1 |     1 |       ||     2
  Use: Scroll            |       |     1 |       ||     1
 Stab: Sleeping          |     2 |     1 |       ||     3
Armor: Skin              |       |     2 |       ||     2
Dodge: Dodged            |     4 |     6 |     2 ||    12
